[Event "Live Chess"]
[Site "Chess.com"]
[Date "2023.05.21"]
[Round "-"]
[White "LiamBellwood"]
[Black "smoggyrabbit"]
[Result "0-1"]
[WhiteElo "2013"]
[BlackElo "1749"]
[TimeControl "300"]
[EndTime "19:47:52 PDT"]
[Termination "smoggyrabbit won on time"]

1. d4 e6 2. Nc3 Nf6 3. Bf4 d5 4.
Nb5 Na6 5. a3 c6 6. Nc3 Bd6 7. e3 Bxf4 8. exf4 O-O 9. Qd2 c5 10.
Bxa6 bxa6 11. dxc5 Qc7 12. Qd4 Rb8 13. Rb1 Nd7 14. Nf3 Qxc5 15. O-O Qxd4 16. Nxd4 Rb6 17. Na4 Rb7 18. c3 Nf6 19. f3 Bd7 20. Nc5 Rb6 21.
Rfe1 Rc8 22. Nd3 Bb5 23. Ne5 Bc4 24. a4 Ba2 25. a5 Rb7 26. f5 Bxb1 27. Rxb1 exf5 28.
Nxf5 Rxc3 29. Nd6 Rb8 30. Ndxf7 Rcb3 31. Rc1 Rxb2 32. Rc7 Rd2 33. h3 Nh5 34. Nd6 Nf4 35. Nb7 Rxg2+ 36. Kf1 Rb2 37. Nd6 Re2 38. Rc1 Rxe5 0-1

[Event "Live Chess"]
[Site "Chess.com"]
[Date "2023.05.21"]
[Round "-"]
[White "xx_blindpuffin_xx"]
[Black "raminguy"]
[Result "1-0"]
[WhiteElo "2186"]
[BlackElo "1955"]
[TimeControl "300"]
[EndTime "19:49:21 PDT"]
[Termination "xx_blindpuffin_xx won by resignation"]

1. d4 d5 2. Bf4 e6 3. e3 Bd6 4. Bg3 Nf6 5. Nf3 O-O 6. Bd3 b6 7. Nbd2 c5 8. c3 Ba6 9. Qe2 Bxd3 10. Qxd3 Qc7 11. Ne5 Nfd7 12. f4 f6 13. Nef3 e5 14. fxe5 fxe5 15. dxe5 Nxe5 16. Qxd5+ Nf7 17. Bxd6 Qxd6 18.
Qxd6 Nxd6 19. O-O Nc8 20. Nc4 Nc6 21. Rad1 N8e7 22. Rd7 Rad8 23. Rc7 Rc8 24. Rxc8 Rxc8 25. Rd1 Rd8 26. Rxd8+ Nxd8 27. Nfe5 Nec6 28. Nxc6 Nxc6 29. e4 Kf7 30. Kf2 Ke6 31. Ke3 b5 32. Nd2 Ne5 33.
h3 h5 34. b3 g5 35. Nf3 g4 36. Nxe5 Kxe5 37. hxg4 hxg4 38. g3 a5 39. c4 b4 40. Kd3 Kf6 41. Kd2 Ke5 42. Ke3 1-0

[Event "Live Chess"]
[Site "Chess.com"]
[Date "2023.05.21"]
[Round "-"]
[White "manthanit"]
[Black "GEMdzq"]
[Result "0-1"]
[WhiteElo "1060"]
[BlackElo "2280"]
[TimeControl "300"]
[EndTime "19:49:58 PDT"]
[Termination "GEMdzq won by checkmate"]

1. e4 d6 2. d4 Nf6 3. Bd3 g6 4. Be3 Bg7 5. Nf3 Ng4 6. Nc3 Nxe3 7. fxe3 Nd7 8. O-O c5 9. dxc5 Nxc5 10. Bc4 O-O 11. Ng5 e6 12. b4 Qxg5 13. bxc5 Qxe3+ 14. Kh1 Qxc3 15. Rb1 Qxc4 16. Qxd6 Qxe4 17. Rbc1 Qe5 18. Qe7 b6 19. cxb6 axb6 20. Rf3 Rxa2 21. Rcf1 Ra1 22.
Kg1 Rxf1+ 23. Kxf1 Ba6+ 24. Kf2 Qe2+ 25. Kg3 Be5+ 26.
Kh3 Qe4 27. c3 Be2 28. Rxf7 Qg4# 0-1

[Event "Live Chess"]
[Site "Chess.com"]
[Date "2023.05.21"]
[Round "-"]
[White "Long1968"]
[Black "OceanFloater"]
[Result "0-1"]
[WhiteElo "1052"]
[BlackElo "1026"]
[TimeControl "300"]
[EndTime "19:50:03 PDT"]
[Termination "OceanFloater won on time"]

1. e4 c6 2. d4 d5 3. e5 Bf5 4.
Bd3 Bxd3 5. Qxd3 e6 6. f4 c5 7. Be3 c4 8. Qd2 Nc6 9. c3 b5 10. a3 Nge7 11. Nf3 Nf5 12. O-O Nxe3 13. Qxe3 Be7 14.
Nbd2 a5 15. g3 O-O 16. Rf2 b4 17. a4 bxc3 18. bxc3 Rb8 19. Ne1 Qd7 20. Qf3 Rb2 21. Nf1 Rxf2 22. Qxf2 Rb8 23. Ra2 f6 24. Ne3 f5 25.
Rb2 Ba3 26. Rxb8+ Nxb8 27. Qa2 Be7 28. Qb2 Qc6 29. Qxb8+ Bf8 30. Qb5 Qc7 31. N1c2 h5 32. Kf2 Kh7 0-1

[Event "Live Chess"]
[Site "Chess.com"]
[Date "2023.05.21"]
[Round "-"]
[White "worldchessleaguelive"]
[Black "chessfiction"]
[Result "0-1"]
[WhiteElo "1378"]
[BlackElo "2354"]
[TimeControl "300"]
[EndTime "19:50:30 PDT"]
[Termination "chessfiction won by resignation"]

1. d4 e5 2. dxe5 f6 3. exf6 Nxf6 4. Nf3 Bc5 5. e3 O-O 6. Be2 d5 7. Nc3 Bg4 8. Qd3 Nc6 9. h3 Nb4 10. Qd1 Bf5 11. Bd3 Nxd3+ 12. cxd3 Qe7 13. O-O Nh5 14.
Nd4 Bxd4 15. Qxh5 Bxc3 16. bxc3 Bxd3 17. Rd1 Bg6 18. Qxd5+ Kh8 19. Qxb7 Qf6 20. Rf1 Bd3 21. Ba3 Ba6 22. Qxc7 Rfc8 23. Qe7 Qxe7 24. Bxe7 Bxf1 25. Kxf1 Rxc3 26. Ke2 Rc2+ 27. Kf3 Re8 28. Bg5 Rf8+ 29. Kg3 Rfxf2 30. Bf4 Rxg2+ 31. Kf3 Rxa2 32. Rd1 Kg8 33.
Rd8+ Kf7 34. Rh8 h6 35. Ra8 Rgf2+ 36. Kg3 g5 37. Bd6 h5 38. Rf8+ Ke6 39. Rxf2 Rxf2 40. Kxf2 Kxd6 41. Ke2 Ke5 42. Kd3 g4 43. hxg4 hxg4 44.
Ke2 g3 45. Kf3 a5 46. Kxg3 a4 47. Kf2 a3 48. Ke2 a2 49. Kd2 a1=Q 0-1

[Event "Live Chess"]
[Site "Chess.com"]
[Date "2023.05.21"]
[Round "-"]
[White "LutherSullivan"]
[Black "CheckThis4"]
[Result "1-0"]
[WhiteElo "2172"]
[BlackElo "2491"]
[TimeControl "300"]
[EndTime "19:50:35 PDT"]
[Termination "LutherSullivan won by checkmate"]

1. d4 Nf6 2. Nf3 g6 3. Nbd2 Bg7 4. e4 d6 5. Bb5+ c6 6. Bd3 O-O 7. O-O Nbd7 8. Re1 e5 9. dxe5 dxe5 10. b3 Nh5 11.
Ba3 Re8 12. Nc4 Nf4 13. Bf1 Qf6 14. Nd6 Rd8 15. Bc4 Ne6 16. Bxe6 fxe6 17. Qd2 Bf8 18.
Rad1 Nb6 19. Qc3 Bg7 20. Bc1 h6 21. Bb2 Qe7 22. Nc4 Bd7 23. Ncxe5 Be8 24. Qa5 Nd7 25.
Qc7 Bf6 26. Kf1 Qg7 27. Qxb7 Rdb8 28. Qc7 Rc8 29. Qd6 Nxe5 30. Bxe5 Rd8 31. Qxe6+ Bf7 32. Qxf6 Qxf6 33. Bxf6 Re8 34. e5 Bd5 35. c4 Be6 36.
Rd6 Rac8 37. Red1 g5 38. Nd4 Bf7 39. Nxc6 Kh7 40. Ne7 Rc7 41. Rd8 Rc5 42. Rxe8 Bxe8 43. Rd8 Rc7 44. Rxe8 Rxe7 45. Rxe7+ Kg6 46. Rxa7 h5 47. f3 g4 48. Kf2 Kf5 49. fxg4+ Ke6 50.
g3 hxg4 51. Ra6+ Kf5 52. Ke3 Kg6 53. Kf4 Kf7 54. Kf5 Ke8 55. Ra7 Kf8 56. e6 Ke8 57. Ra8# 1-0

[Event "Live Chess"]
[Site "Chess.com"]
[Date "2023.05.21"]
[Round "-"]
[White "alanmike75"]
[Black "ramses-IIG"]
[Result "1-0"]
[WhiteElo "1607"]
[BlackElo "870"]
[TimeControl "300"]
[EndTime "19:51:12 PDT"]
[Termination "alanmike75 won by resignation"]

1. e4 d5 2. exd5 Qxd5 3. Nc3 Qe6+ 4. Qe2 Qg6 5. d3 c6 6. Nf3 f6 7. g3 e6 8. Bg2 e5 9. O-O Nd7 10. Nh4 Qf7 11. f4 g6 12. f5 Bb4 13. Bd2 Ne7 14. g4 g5 15. Nf3 h5 16. h3 hxg4 17. hxg4 Qh7 18. Ne4 b6 19. Bxb4 Bb7 20. Nd6+ Kd8 21. Nxb7+ Kc7 22. Nd6 Nd5 23. Qd2 Nf4 24. Ne4 Nxg2 25.
Qxg2 Nc5 26. Bxc5 bxc5 27. Nxc5 Qg7 28. Ne6+ 1-0

[Event "Live Chess"]
[Site "Chess.com"]
[Date "2023.05.21"]
[Round "-"]
[White "grillage"]
[Black "therealab0ne"]
[Result "1-0"]
[WhiteElo "1809"]
[BlackElo "717"]
[TimeControl "300"]
[EndTime "19:51:16 PDT"]
[Termination "grillage won by resignation"]

1. d4 d5 2. Nc3 e6 3. Bf4 Nf6 4. e3 Bd6 5. Nf3 O-O 6. Ne5 c5 7. Be2 Nh5 8. Bxh5 Nc6 9. Nxc6 bxc6 10. Bxd6 Qxd6 11. O-O cxd4 12. exd4 c5 13. dxc5 Qxc5 14. Bf3 Bb7 15. Qd2 Rad8 16. Rad1 Bc6 17. Qd4 Qxd4 18.
Rxd4 Rb8 19. b3 Rfe8 20. Rd2 e5 21. Bxd5 Bxd5 22. Rxd5 e4 23. Re1 Rbd8 24. Rxd8 Rxd8 25.
Nxe4 g6 26. f3 Rd4 27. Kf2 Kf8 28. Ke3 Rd7 29. Re2 Ke7 30. Rd2 1-0

[Event "Live Chess"]
[Site "Chess.com"]
[Date "2023.05.21"]
[Round "-"]
[White "raminguy"]
[Black "garyjc"]
[Result "1-0"]
[WhiteElo "1955"]
[BlackElo "1048"]
[TimeControl "300"]
[EndTime "19:51:27 PDT"]
[Termination "raminguy won by resignation"]

1. d4 Nf6 2. Nc3 g6 3. e4 Bg7 4.
Bf4 O-O 5. Qd2 d6 6. Bh6 Bxh6 7. Qxh6 Ng4 8. Qh4 e5 9. Qxd8 Re8 10. Qxe8+ Kg7 11.
Qxc8 Nf6 12. Qxb7 1-0

[Event "Live Chess"]
[Site "Chess.com"]
[Date "2023.05.21"]
[Round "-"]
[White "raminguy"]
[Black "therealab0ne"]
[Result "1-0"]
[WhiteElo "1955"]
[BlackElo "717"]
[TimeControl "300"]
[EndTime "19:52:21 PDT"]
[Termination "raminguy won by resignation"]

1. d4 d5 2. Nc3 e6 3. Bf4 Bd6 4. e3 Bxf4 5. exf4 Nf6 6. Nf3 O-O 7. Ne5 Nc6 8. Bd3 Nxe5 9. fxe5 Ne4 10. Nxe4 dxe4 11.
Bxe4 b6 12. Bxa8 1-0

[Event "Live Chess"]
[Site "Chess.com"]
[Date "2023.05.21"]
[Round "-"]
[White "smoggyrabbit"]
[Black "ClassyChameleon"]
[Result "1-0"]
[WhiteElo "1749"]
[BlackElo "1077"]
[TimeControl "300"]
[EndTime "19:52:41 PDT"]
[Termination "smoggyrabbit won by resignation"]

1. d4 d5 2. Nf3 Nf6 3. e3 Nc6 4. Bd3 Bg4 5. Nbd2 e6 6. b3 Bb4 7. O-O Bxd2 8. Bxd2 Ne4 9. Be2 O-O 10. h3 Bxf3 11. Bxf3 Nxd2 12. Qxd2 e5 13. dxe5 Nxe5 14.
Qxd5 Nxf3+ 15. Qxf3 b5 16. Rad1 Qg5 17. Rd5 Qg6 18.
Rfd1 Qxc2 19. R5d2 Qg6 20. Qxa8 f5 21. Rd8 Qf6 22.
Rxf8+ Qxf8 23. Rd8 1-0

[Event "Live Chess"]
[Site "Chess.com"]
[Date "2023.05.21"]
[Round "-"]
[White "tpm07"]
[Black "romchyk1219"]
[Result "1-0"]
[WhiteElo "1946"]
[BlackElo "646"]
[TimeControl "300"]
[EndTime "19:53:20 PDT"]
[Termination "tpm07 won by resignation"]

1. d4 Nf6 2. c4 g6 3. Nc3 Bg7 4. e4 d6 5. Be2 O-O 6. Nf3 Nc6 7.
d5 Ne5 8. Nxe5 dxe5 9. O-O c5 10. Be3 b6 11. a3 Ba6 12. b4 Bc8 13. bxc5 bxc5 14.
Bxc5 h5 15. Be3 Bg4 16. f3 Bd7 17. c5 e6 18. c6 Bc8 19. d6 Qa5 20. Qd3 Rd8 21.
d7 Bxd7 22. cxd7 Qc7 23. Nb5 Qa5 24. Qc3 Qxc3 25. Nxc3 Rxd7 26. Rfd1 Rxd1+ 27. Rxd1 Kf8 28. Bc5+ Ke8 29. Bb5+ Nd7 30. Bxd7+ Kd8 31. Bc6+ 1-0

[Event "Live Chess"]
[Site "Chess.com"]
[Date "2023.05.21"]
[Round "-"]
[White "Biranidun"]
[Black "KeithArkell"]
[Result "0-1"]
[WhiteElo "2506"]
[BlackElo "2584"]
[TimeControl "300"]
[EndTime "19:53:28 PDT"]
[Termination "KeithArkell won by resignation"]

1. e4 c6 2. d4 d5 3. e5 c5 4.
dxc5 Nc6 5. f4 e6 6. Be3 d4 7.
Bf2 Bxc5 8. Nd2 Nge7 9. a3 Nf5 10. Bd3 Ne3 11. Qf3 O-O 12. Ne2 f6 13. Qh3 f5 14.
Rg1 a5 15. g4 g6 16. gxf5 exf5 17. Nb3 Bb6 18. Bxe3 dxe3 19. O-O-O Qe7 20. Bc4+ Be6 21. Bxe6+ Qxe6 22. Rd6 Qf7 23. Qh6 Kh8 24. Rdxg6 Rg8 25. Rxg8+ Rxg8 26. Rxg8+ Kxg8 27. a4 Qc4 28. Qg5+ Kh8 29.
Qxf5 h6 30. Qc8+ Bd8 31. Nbd4 Qd5 32. c3 Qh1+ 33. Kc2 Qe4+ 34. Kb3 Qd5+ 35. Ka3 Qc5+ 36. b4 axb4+ 37. Ka2 Qc4+ 38. Ka1 bxc3 39. Qe6 Qxa4+ 40. Kb1 Qd1+ 41. Nc1 Qxd4 42. Qxh6+ Kg8 43. Qg6+ Kf8 44. Qf5+ Ke8 45. Qe6+ Be7 46. Qc8+ Kf7 47. Qf5+ Kg7 48. Qg4+ Kf8 49. Qf5+ Ke8 50. Qc8+ Nd8 51. Qf5 Qb4+ 52. Kc2 Qb2+ 53. Kd3 Qb1+ 54. Kxc3 Qxf5 55. Nd3 Qe4 56. Ne1 e2 57. Kd2 Bb4+ 58. Kc1 Bxe1 59. Kb2 Bb4 60. f5 e1=Q 61. e6 Qc3+ 0-1

[Event "Live Chess"]
[Site "Chess.com"]
[Date "2023.05.21"]
[Round "-"]
[White "ViktorTheCoolBoy"]
[Black "Fazer180"]
[Result "1-0"]
[WhiteElo "2498"]
[BlackElo "1743"]
[TimeControl "300"]
[EndTime "19:54:01 PDT"]
[Termination "ViktorTheCoolBoy won by resignation"]

1. d4 e6 2. Nf3 d5 3. c4 Nf6 4. Nc3 c5 5. cxd5 Nxd5 6. e4 Nxc3 7. bxc3 Nc6 8. Be2 cxd4 9. cxd4 Bb4+ 10. Bd2 Qa5 11.
Bxb4 Qxb4+ 12. Qd2 Qxd2+ 13. Kxd2 Ke7 14. Rhc1 Rd8 15.
Ke3 Bd7 16. Rab1 b6 17. Ba6 Rab8 18. Rc3 f6 19. a3 Kd6 20. Rbc1 f5 21. Bb5 Rbc8 22.
Bxc6 Rxc6 23. Ne5 Rxc3+ 24. Rxc3 Rf8 25. f3 fxe4 26. fxe4 Bb5 27. Rb3 Bf1 28. Rb2 h5 29. a4 g5 30. Rc2 g4 31. Rc6+ Ke7 32. Rc7+ Kf6 33. Nd7+ Ke7 34. Nxf8+ Kxf8 35. g3 a6 36. Rc6 b5 37. axb5 Bxb5 38. Rxe6 Kf7 39. Rh6 a5 40.
Rxh5 Bd7 41. Rxa5 1-0

[Event "Live Chess"]
[Site "Chess.com"]
[Date "2023.05.21"]
[Round "-"]
[White "ramses-IIG"]
[Black "grillage"]
[Result "0-1"]
[WhiteElo "870"]
[BlackElo "1809"]
[TimeControl "300"]
[EndTime "19:54:32 PDT"]
[Termination "grillage won by checkmate"]

1. e4 d5 2. Nf3 dxe4 3. Ng5 Bf5 4.
d3 exd3 5. Bxd3 Bxd3 6. cxd3 Nf6 7. O-O e6 8. Nf3 Bd6 9. d4 O-O 10. Qb3 Qc8 11. Bg5 Nbd7 12. Nc3 c6 13. Nd2 h6 14. Bxf6 Nxf6 15. Nde4 Nxe4 16. Nxe4 Be7 17. Rac1 Rd8 18. Ng3 Rxd4 19. Qc3 Qd7 20. Nh5 g6 21. Ng3 Bf6 22. Qc2 Bg7 23. f3 Rd2 24. Qb3 Rxb2 25. Qe3 Qd2 26.
Qf4 Qxg2# 0-1

[Event "Live Chess"]
[Site "Chess.com"]
[Date "2023.05.21"]
[Round "-"]
[White "LutherSullivan"]
[Black "chessfiction"]
[Result "1-0"]
[WhiteElo "2189"]
[BlackElo "2342"]
[TimeControl "300"]
[EndTime "19:55:20 PDT"]
[Termination "LutherSullivan won by resignation"]

1. e4 d5 2. exd5 c6 3. dxc6 e5 4. d4 exd4 5. Nf3 Nxc6 6. Bc4 Bc5 7. O-O Nge7 8. Ng5 Ne5 9. Bxf7+ Nxf7 10. Nxf7 Kxf7 11.
Qh5+ g6 12. Qxc5 Qd5 13. Qxd5+ Nxd5 14. Nd2 Bf5 15. Nf3 Rhd8 16. Nxd4 Nb4 17. c3 Rxd4 18.
cxd4 Nc2 19. Be3 Nxa1 20. Rxa1 Rc8 21. Rc1 Rxc1+ 22. Bxc1 Ke6 23. Bd2 Kd5 24. Bc3 Kc4 25.
Kf1 b5 26. a3 a5 27. Bxa5 Kxd4 28. Ke2 Bd3+ 29. Kf3 Be4+ 30. Kg3 h5 31. f3 Bf5 32. Kf4 Kd3 33. h4 Kd4 34. g4 Be6 35. Bc3+ Kd5 36. Kg5 hxg4 37. fxg4 Bf7 38. h5 gxh5 39. gxh5 Bg8 40.
Kf6 Bh7 41. Kg7 Bb1 42. h6 b4 43. axb4 Kc4 44. h7 Bxh7 45. Kxh7 Kb5 46. Kg6 Kc4 47. Kf5 Kb5 48. Ke5 Kb6 49. Kd5 Kb7 50. Kc5 Ka6 51. b5+ Kb7 52. Be1 Ka8 53. Kb6 Kb8 54. Kc6 Ka8 55.
b6 Kb8 56. Bg3+ Ka8 57. b7+ 1-0

[Event "Live Chess"]
[Site "Chess.com"]
[Date "2023.05.21"]
[Round "-"]
[White "Olisingapore"]
[Black "ViktorTheCoolBoy"]
[Result "0-1"]
[WhiteElo "1789"]
[BlackElo "2498"]
[TimeControl "300"]
[EndTime "19:56:04 PDT"]
[Termination "ViktorTheCoolBoy won by resignation"]

1. d4 e6 2. c4 b6 3. Nf3 Bb7 4. g3 f5 5. Bg2 Nf6 6. Nc3 Be7 7. O-O O-O 8. Qc2 Ne4 9. Re1 d6 10. Nxe4 Bxe4 11. Qc3 Bf6 12. Nd2 Bxg2 13. Kxg2 c5 14. e3 Nc6 15. Nf3 e5 16. Rd1 Qe7 17. Ne1 exd4 18.
exd4 Nxd4 19. Bf4 Qb7+ 20. Kg1 Ne2+ 21. Kf1 Nxc3 22. bxc3 Bxc3 0-1

[Event "Live Chess"]
[Site "Chess.com"]
[Date "2023.05.21"]
[Round "-"]
[White "raminguy"]
[Black "ClassyChameleon"]
[Result "1-0"]
[WhiteElo "1955"]
[BlackElo "1077"]
[TimeControl "300"]
[EndTime "19:56:12 PDT"]
[Termination "raminguy won by checkmate"]

1. d4 d5 2. Nc3 f5 3. Bf4 Nf6 4. e3 e6 5. Nf3 Bb4 6. Bd3 Ne4 7. Bxe4 dxe4 8. Ne5 O-O 9. O-O Bxc3 10. bxc3 b6 11. c4 Bb7 12. a4 Na6 13. a5 Nb4 14. axb6 axb6 15. Qd2 Rxa1 16. Rxa1 Nc6 17. Nxc6 Bxc6 18. h3 h6 19. Ra7 Qe7 20. Rxc7 Qa3 21. Rxc6 Qa1+ 22. Kh2 g5 23. Be5 g4 24. Rc7 Ra8 25. Rg7+ Kf8 26. Qb4+ Ke8 27. Qe7# 1-0

[Event "Live Chess"]
[Site "Chess.com"]
[Date "2023.05.21"]
[Round "-"]
[White "Conradical12"]
[Black "xx_blindpuffin_xx"]
[Result "0-1"]
[WhiteElo "1626"]
[BlackElo "2187"]
[TimeControl "300"]
[EndTime "19:56:27 PDT"]
[Termination "xx_blindpuffin_xx won by resignation"]

1. e4 e6 2. d4 d5 3. Nd2 dxe4 4.
Nxe4 Bd7 5. Nf3 Bc6 6. Bd3 Nd7 7. O-O Ngf6 8. Bg5 Be7 9. Nxf6+ Bxf6 10. Be3 O-O 11.
c4 b6 12. b4 a5 13. b5 Bb7 14. Qe2 e5 15. d5 g6 16. Bh6 Re8 17. Qc2 Bh8 18.
g3 f5 19. Bxf5 gxf5 20. Qxf5 Nf8 21. Ng5 Qf6 22. Qxf6 Bxf6 23. Bxf8 Rxf8 24. Ne4 Bg7 25. Ng5 Bc8 26. Rae1 Bf6 27. Ne4 Bh3 28. Nxf6+ Rxf6 0-1

[Event "Live Chess"]
[Site "Chess.com"]
[Date "2023.05.21"]
[Round "-"]
[White "Long1968"]
[Black "GEMdzq"]
[Result "0-1"]
[WhiteElo "1052"]
[BlackElo "2280"]
[TimeControl "300"]
[EndTime "19:56:47 PDT"]
[Termination "GEMdzq won on time"]

1. e4 d6 2. d4 Nf6 3. Nc3 g6 4. Bc4 Bg7 5. Qe2 Nfd7 6. Bg5 h6 7. Bh4 Bxd4 8. Bxf7+ Kxf7 9. Qc4+ Kg7 10. Qxd4+ e5 11. Bxd8 exd4 12. Nb5 Rxd8 13. Nxc7 Nb6 14. Nxa8 Nxa8 15.
O-O-O Nc6 16. Nf3 Bg4 17. Rd3 Bxf3 18. Rxf3 Nc7 19. Rd1 Ne6 20. Rb3 Nc5 21. Rb5 a6 22. Rb6 Rd7 23. b4 Nxe4 24. Rf1 Ne5 25. f3 Nc3 26. b5 axb5 0-1

[Event "Live Chess"]
[Site "Chess.com"]
[Date "2023.05.21"]
[Round "-"]
[White "therealab0ne"]
[Black "garyjc"]
[Result "1-0"]
[WhiteElo "731"]
[BlackElo "1034"]
[TimeControl "300"]
[EndTime "19:57:05 PDT"]
[Termination "therealab0ne won by checkmate"]

1. e4 c5 2. Nc3 d6 3. Nge2 g6 4. g3 Bg7 5. b3 Nf6 6. Bb2 O-O 7. d3 Nc6 8. Qd2 Nd4 9. O-O-O Ng4 10. Nxd4 cxd4 11.
Ne2 Nxf2 12. Bg2 Nxh1 13. Bxh1 Be6 14. Nxd4 Rc8 15. Nxe6 fxe6 16. Bxg7 Kxg7 17. c4 Qb6 18. Qc3+ Kg8 19. Bg2 Rf2 20. Bh3 Rxh2 21. Bxe6+ Kf8 22. Rf1+ Ke8 23. Qh8# 1-0

[Event "Live Chess"]
[Site "Chess.com"]
[Date "2023.05.21"]
[Round "-"]
[White "LiamBellwood"]
[Black "Tushinskiy"]
[Result "0-1"]
[WhiteElo "2009"]
[BlackElo "2192"]
[TimeControl "300"]
[EndTime "19:57:27 PDT"]
[Termination "Tushinskiy won on time"]

1. d3 d5 2. e4 c6 3. Nd2 e5 4. g3 Bd6 5. Bg2 Ne7 6. Ne2 Bg4 7. f3 Bh5 8. O-O Nd7 9. f4 Qc7 10. Nf3 dxe4 11. dxe4 O-O-O 12. h3 f6 13. Be3 Nc5 14. Nd2 exf4 15. gxf4 Ne6 16. f5 Ng5 17. Qe1 Rhe8 18. Nf4 Bf7 19. h4 Nxf5 20. hxg5 Nxe3 21. Qxe3 fxg5 22.
Nd3 h6 23. Qxa7 Be6 24. Rae1 Qe7 25. Qa8+ Bb8 26. e5 Rf8 27. Ne4 Rfe8 28. Ndc5 Qc7 29. Nd6+ Rxd6 30. exd6 Qb6 31. d7+ Bxd7 32. Rxe8+ Bxe8 33. Bh3+ Kc7 34. Qa3 Ba7 35. b4 Kb8 36. Kg2 Qd8 37.
Qd3 Qe7 38. Qg3+ Ka8 39. Re1 Qd8 40. Ne6 Qd5+ 41. Qf3 Qxf3+ 42. Kxf3 Bf7 43. Nc7+ Kb8 44. Ne6 Bb6 45. Nxg7 Bxa2 46. Re7 Bd5+ 47. Ke2 Bd4 48. Ne8 h5 49. Nd6 g4 50. Rxb7+ Ka8 0-1

[Event "Live Chess"]
[Site "Chess.com"]
[Date "2023.05.21"]
[Round "-"]
[White "ramses-IIG"]
[Black "LutherSullivan"]
[Result "0-1"]
[WhiteElo "870"]
[BlackElo "2189"]
[TimeControl "300"]
[EndTime "19:57:47 PDT"]
[Termination "LutherSullivan won by resignation"]

1. e4 c5 2. Nf3 Nc6 3. Bc4 e6 4. d4 d5 5. exd5 exd5 6. Bb3 c4 7. Ba4 Bd6 8. Bxc6+ bxc6 9. c3 Ne7 10. Qd2 O-O 11.
Qg5 f6 12. Qh4 Ng6 13. Qh5 Re8+ 14. Be3 Nf4 0-1

[Event "Live Chess"]
[Site "Chess.com"]
[Date "2023.05.21"]
[Round "-"]
[White "OceanFloater"]
[Black "manthanit"]
[Result "0-1"]
[WhiteElo "1019"]
[BlackElo "1067"]
[TimeControl "300"]
[EndTime "19:58:27 PDT"]
[Termination "manthanit won by checkmate"]

1. e4 e6 2. Nf3 d5 3. exd5 exd5 4. d4 h6 5. Nc3 Nf6 6. Be2 a6 7. O-O Be7 8. Ne5 O-O 9. Bxh6 gxh6 10. Qd2 Nh7 11.
Bd3 Bg5 12. f4 f6 13. Bxh7+ Kxh7 14. Qd3+ Kh8 15. Ng6+ Kg7 16. Nxf8 Kxf8 17. fxg5 hxg5 18. Nxd5 Qxd5 19. Rxf6+ Ke7 20. Rh6 Bf5 21. Re1+ Kf7 22. Rh7+ Bxh7 23. Qxh7+ Kf6 24. Qh6+ Kf7 25. Rf1+ Ke7 26.
Qg7+ Kd6 27. Qf8+ Kc6 28. Qe8+ Kb6 29. Rf6+ c6 30. Qe3 Nd7 31. Rg6 Rf8 32. c4 Qf5 33.
d5+ Kc7 34. d6+ Kc8 35. h3 Qxg6 36. Qe7 Qb1+ 37. Kh2 Qxb2 38. Qxg5 Qxa2 39. Qg4 Qb2 40. h4 Qe5+ 41. Kh3 Qxd6 42. g3 Kc7 43. Qg5 Qe6+ 44. Kh2 Rf2+ 45. Kg1 Qe1# 0-1

[Event "Live Chess"]
[Site "Chess.com"]
[Date "2023.05.21"]
[Round "-"]
[White "ClassyChameleon"]
[Black "Olisingapore"]
[Result "0-1"]
[WhiteElo "1077"]
[BlackElo "1789"]
[TimeControl "300"]
[EndTime "19:58:49 PDT"]
[Termination "Olisingapore won by checkmate"]

1. e4 c5 2. Nf3 d6 3. Nc3 Nf6 4. Bc4 Nc6 5. d3 g6 6. O-O Bg7 7. Bg5 h6 8. Bxf6 Bxf6 9. Nd5 Bg7 10. Bb5 e6 11. Bxc6+ bxc6 12. Nf4 e5 13. Ne2 O-O 14.
c4 Bg4 15. Nc3 f5 16. exf5 Rxf5 17. h3 Bxf3 18. gxf3 Qf6 19. Kh2 Rxf3 20. Rg1 Qf4+ 21. Kh1 Rxh3+ 22. Kg2 Rh2+ 23. Kf1 Qxf2# 0-1

[Event "Live Chess"]
[Site "Chess.com"]
[Date "2023.05.21"]
[Round "-"]
[White "garyjc"]
[Black "Biranidun"]
[Result "0-1"]
[WhiteElo "1034"]
[BlackElo "2506"]
[TimeControl "300"]
[EndTime "19:59:04 PDT"]
[Termination "Biranidun won by resignation"]

1. e4 c5 2. Nc3 g6 3. f4 Bg7 4.
Nf3 Nc6 5. Bb5 Nd4 6. Nxd4 cxd4 7. Ne2 Qb6 8. a4 Nf6 9. d3 O-O 10. O-O d5 11. e5 Ng4 12. Qe1 a6 13. a5 Qxb5 0-1

[Event "Live Chess"]
[Site "Chess.com"]
[Date "2023.05.21"]
[Round "-"]
[White "Biranidun"]
[Black "OceanFloater"]
[Result "1-0"]
[WhiteElo "2506"]
[BlackElo "1019"]
[TimeControl "300"]
[EndTime "19:59:59 PDT"]
[Termination "Biranidun won by resignation"]

1. e4 d5 2. exd5 c6 3. dxc6 Nxc6 4. Nf3 Nf6 5. d4 e5 6. dxe5 Qxd1+ 7. Kxd1 Nxe5 8.
Nxe5 Ne4 9. Be3 Bd6 10. Bb5+ Ke7 11. Nf3 1-0

[Event "Live Chess"]
[Site "Chess.com"]
[Date "2023.05.21"]
[Round "-"]
[White "chessfiction"]
[Black "grillage"]
[Result "1-0"]
[WhiteElo "2343"]
[BlackElo "1808"]
[TimeControl "300"]
[EndTime "20:01:03 PDT"]
[Termination "chessfiction won by resignation"]

1. e4 d5 2. d4 dxe4 3. f3 e5 4. Bc4 Qxd4 5. Qe2 Nf6 6. Nc3 Bb4 7. Bd2 e3 8. Qxe3 Qxe3+ 9. Bxe3 Bxc3+ 10. bxc3 O-O 11.
Ne2 Bf5 12. O-O-O Nc6 13. g4 Bg6 14. h4 h5 15. Rdg1 Na5 16. Bd3 Bxd3 17. cxd3 Rfd8 18. Kc2 Rd7 19. gxh5 Nxh5 20. Rg5 g6 21. Rhg1 Nf6 22. Rxe5 Nc6 23. Reg5 Rad8 24. d4 Kh7 25. Nf4 Re8 26. Bd2 Rde7 27. h5 Rg8 28. hxg6+ Kg7 29. gxf7+ Kxf7 30. Rxg8 Nxg8 31. Nd3 Re2 32. Kd1 Rh2 33. d5 Nce7 34. Ne5+ Kf6 35. Ng4+ 1-0

[Event "Live Chess"]
[Site "Chess.com"]
[Date "2023.05.21"]
[Round "-"]
[White "ExIsambard"]
[Black "BostonStrangler"]
[Result "0-1"]
[WhiteElo "1918"]
[BlackElo "2055"]
[TimeControl "300"]
[EndTime "20:01:06 PDT"]
[Termination "BostonStrangler won by resignation"]

1. d4 Nf6 2. Nf3 g6 3. Bg5 Bg7 4. e3 d6 5. Bd3 O-O 6. Nbd2 Nc6 7.
c3 h6 8. Bh4 e5 9. dxe5 Nxe5 10. Nxe5 dxe5 11. Ne4 g5 12. Nxf6+ Qxf6 13. Bg3 Qb6 14. Qc2 f5 15. O-O-O Be6 16. Kb1 f4 17. Bh7+ Kh8 18. h4 g4 19. exf4 exf4 20. Bh2 Qa5 21. a3 Qb6 22. f3 Bb3 23. Qd3 Rad8 24.
Qxd8 Rxd8 25. Rxd8+ Kxh7 26. Bxf4 Qg6+ 27. Ka1 Qc2 28.
Rd7 Qxg2 29. Rc1 Qe2 30. fxg4 Qxg4 31. Bxc7 Qxd7 0-1

[Event "Live Chess"]
[Site "Chess.com"]
[Date "2023.05.21"]
[Round "-"]
[White "alanmike75"]
[Black "worldchessleaguelive"]
[Result "1-0"]
[WhiteElo "1610"]
[BlackElo "1372"]
[TimeControl "300"]
[EndTime "20:01:09 PDT"]
[Termination "alanmike75 won on time"]

1. e4 d5 2. exd5 Qxd5 3. Nc3 Qd8 4. Nf3 Nf6 5. Bc4 e6 6. O-O Be7 7. d4 c6 8. Ne5 b5 9. Be2 h6 10. Bf3 Bb7 11. Ne4 Nfd7 12. Bf4 Nxe5 13. dxe5 O-O 14. Qe2 Qc7 15. Rfd1 Rd8 16. Rxd8+ Bxd8 17. Nd6 Be7 18. Rd1 Nd7 19. c4 Bxd6 20. exd6 Qb6 21. Be3 Qa6 22.
cxb5 cxb5 23. Bxb7 Qxb7 24. h3 Rd8 25. b4 Nb6 26.
Bc5 Nd5 27. a3 Nc3 28. Qd3 Nxd1 29. Qxd1 Qd5 30. Qxd5 exd5 31. Kf1 f6 32. Ke2 Kf7 33.
Kd3 Ke6 34. Kd4 Rd7 35. f4 g5 36. f5+ Kf7 37. Kxd5 h5 38. g4 hxg4 39. hxg4 a6 40. Kc6 Rd8 41. Kc7 Ke8 42. Bd4 Rd7+ 43. Kc6 Rf7 44. Be3 Rd7 45. Bb6 Rf7 46. Bd4 Kd8 47.
Bb6+ Kc8 48. Bc7 Rd7 49. Kb6 Rf7 50. Kxa6 Rxc7 51. dxc7 Kxc7 52. Kxb5 Kb7 53. a4 Ka7 54. a5 1-0

[Event "Live Chess"]
[Site "Chess.com"]
[Date "2023.05.21"]
[Round "-"]
[White "Long1968"]
[Black "Conradical12"]
[Result "0-1"]
[WhiteElo "1051"]
[BlackElo "1627"]
[TimeControl "300"]
[EndTime "20:01:12 PDT"]
[Termination "Conradical12 won by checkmate"]

1. e4 e5 2. f4 Nc6 3. Bc4 Bc5 4.
Nf3 Nf6 5. Nc3 d6 6. d3 Ng4 7. Rf1 Nxh2 8. Nxh2 Qh4+ 9. Ke2 Nd4+ 10. Kd2 Qxh2 11. Bxf7+ Kxf7 12. fxe5+ Ke8 13. Rf2 Nb3+ 14. axb3 Bxf2 15. Qf1 Qf4+ 16. Ke2 Bg4# 0-1